 Dungeon Crawl Stone Soup version 0.24-a0-251-g44e327e (webtiles) character file.

Game seed: 8418798410331719568

212 Hasart the Cutter (level 6, -6/37 HPs)
             Began as a Kobold Gladiator on Apr 17, 2019.
             Was a Follower of Ru.
             Mangled by an ogre
             ... wielding a +0 giant club
              (28 damage)
             ... on level 4 of the Dungeon.
             The game lasted 00:06:40 (3582 turns).

Hasart the Cutter (Kobold Gladiator)                Turns: 3582, Time: 00:06:40

Health: -6/37      AC:  5    Str: 14    XL:     6   Next: 13%
Magic:  6/6        EV: 17    Int:  9    God:    Ru [*.....]
Gold:   181        SH:  0    Dex: 16    Spells: 5/5 levels left

rFire    . . .     SeeInvis .   a - +0 rapier
rCold    . . .     Gourm    .   (shield restricted)
rNeg     . . .     Faith    .   b - +0 leather armour
rPois    .         Spirit   .   c - +0 helmet
rElec    .         Reflect  .   l - +0 cloak
rCorr    .         Harm     .   (no gloves)
MR       .....                  (no boots)
Stlth    ++........             (no amulet)
HPRegen  0.12/turn              (no ring)
MPRegen  0.10/turn              (no ring)

@: no status effects
A: small, carnivore, inability to train armour
a: Renounce Religion


You were on level 4 of the Dungeon.
You worshipped Ru.
Ru was aware of your devotion.
You were very full.

You visited 1 branch of the dungeon, and saw 4 of its levels.

You collected 181 gold pieces.

Inventory:

Hand Weapons
 a - a +0 rapier (weapon)
Missiles
 d - 3 throwing nets (quivered)
Armour
 b - a +0 leather armour (worn)
 c - a +0 helmet (worn)
 l - a +0 cloak (worn)
Scrolls
 e - 2 scrolls of enchant armour {unknown}
 g - 2 scrolls of enchant weapon {unknown}
 h - 2 scrolls of noise {unknown}
 i - a scroll of random uselessness {unknown}
 m - 7 scrolls of identify {unknown}
 o - a scroll of blinking {unknown}
 p - a scroll of magic mapping {unknown}
 q - a scroll of remove curse {unknown}
Potions
 j - a potion of agility
 k - a potion of might {unknown}
 n - 3 potions of curing
Comestibles
 f - 12 rations


   Skills:
 + Level 3.4 Fighting
 * Level 5.9 Short Blades
 - Level 2.1 Throwing
   Level 0.0 Armour
 + Level 4.6 Dodging
 + Level 3.2 Stealth


You had 5 spell levels left.
You didn't know any spells.
Your spell library was empty.

Dungeon Overview and Level Annotations

Branches:
Dungeon (4/15)             Temple (0/1) D:4

Altars:
Dithmenos
Elyvilon
Gozag
Hepliaklqana
Nemelex Xobeh
Qazlal
Ru
Wu Jian
Zin


Innate Abilities, Weirdness & Mutations

You are small and have problems with some larger weapons.
You are carnivorous and can eat meat at any time.
You cannot train Armour skill.


Message History

Found a stone staircase leading up.
There is an open door here.
You open the door.
There is an open door here.
The ogre is too close now for your liking.
An ogre is nearby!
You barely miss the ogre. The ogre hits you with a +0 giant club!
You hit the ogre.
The ogre is lightly wounded.
The ogre closely misses you.
You puncture the ogre!
The ogre is moderately wounded.
You hit the ogre.
The ogre is heavily wounded.
The ogre misses you.
You barely miss the ogre.
The ogre is heavily wounded.
The ogre hits you with a +0 giant club!!
Ouch! That really hurt!
You die...

#..... #........#
#..... #........#
#..... #........#
#..... #........#
#.....
#........#########.....
#........##............
#....O...##............
#.....@..##..........##
#........#########'####
#.....!..#########.####
#.......^..............
####'#############.####
#. #.# # #. #.# # #.
#.# # #.#


You could see an ogre.

Vanquished Creatures
  A centaur skeleton (D:4)
  A hound (D:4)
  2 worker ants
  A hound skeleton (D:4)
  An adder (D:3)
  An ooze (D:4)
  3 worms
  A dart slug (D:1)
  2 leopard geckos
  5 giant cockroaches
  13 goblins
  9 hobgoblins
  3 jackals (D:3)
  A quokka (D:2)
  7 bats
  2 frilled lizards
  9 kobolds
  8 rats
70 creatures vanquished.

Notes
Turn   | Place    | Note
-------+----------+-------------------------------------------
     0 | D:1      | Hasart the Kobold Gladiator began the quest for the Orb.
     0 | D:1      | Reached XP level 1. HP: 12/12 MP: 1/1
   112 | D:1      | Reached XP level 2. HP: 17/17 MP: 2/2
   167 | D:1      | Reached skill level 1 in Stealth
   506 | D:1      | Reached XP level 3. HP: 13/22 MP: 3/3
  1065 | D:2      | Found a sacrificial altar of Ru.
  1073 | D:2      | Became a worshipper of Ru the Awakened
  1376 | D:2      | You fall through a shaft for 2 floors!
  1403 | D:4      | Found a staircase to the Ecumenical Temple.
  1408 | D:4      | Found a stormy altar of Qazlal.
  1408 | D:4      | Found a white marble altar of Elyvilon.
  1408 | D:4      | Found a hazy altar of Hepliaklqana.
  1500 | D:4      | Noticed an ogre
  1628 | D:2      | Reached XP level 4. HP: 27/27 MP: 4/4
  2275 | D:3      | Gained mutation: You cannot train Armour skill. [Ru
                  | sacrifice]
  2275 | D:3      | Reached * piety under Ru
  2413 | D:3      | Found a shadowy altar of Dithmenos.
  2433 | D:3      | Reached skill level 5 in Short Blades
  2679 | D:3      | Reached XP level 5. HP: 32/32 MP: 5/5
  2893 | D:3      | Found an ornate altar of the Wu Jian Council.
  2899 | D:3      | Found a glowing silver altar of Zin.
  2902 | D:3      | Found a sparkling altar of Nemelex Xobeh.
  2936 | D:4      | Found an opulent altar of Gozag.
  3249 | D:4      | Reached XP level 6. HP: 37/37 MP: 6/6
  3582 | D:4      | Mangled by an ogre

Levels and vault maps discovered:
D:1:      tarquinn_simple_flora_water_e, layout_loops_ring, hex_tiny
D:2:      minmay_door_path, layout_basic, first_ration,
          nicolae_ru_sacrificial_ziggurat
D:3:      cheibrodos_greedy_goblins, layout_loops_ring,
          grunt_temple_overflow_diamond, nicolae_dithmenos_shadow_blocks
D:4:      layout_basic, marbit_many_paths,
          chequers_temple_overflow_statue_of_worship, minmay_temple_entry_hall

Skill      XL: |  1  2  3  4  5 |
---------------+----------------+-----
Stealth        | 1 2 3 |  3.2
Dodging        | 4 |  4.6
Fighting       | 3 |  3.4
Short Blades   | 5 |  5.9
Throwing       | |  2.1

Action                   |  1- 3 |  4- 6 || total
-------------------------+-------+-------++-------
Melee: Rapier            |   128 |   105 ||   233
Invok: Sacrifice Durabil |       |     1 ||     1
  Use: Potion            |       |     3 ||     3
 Stab: Sleeping          |     5 |     6 ||    11
  Eat: Chunk             |    11 |     5 ||    16
Armor: Leather armour    |    22 |    23 ||    45
Dodge: Dodged            |   101 |    84 ||   185

Table legend:
 A = Non-vault XP
 B = Vault XP
 C = Vault XP percentage of total XP
 D = Non-vault monster count
 E = Vault monster count
 F = Vault count percentage of total count
                 A         B        C        D         E       F
            +---------+---------+-------+---------+---------+-------
      Total |     273 |      30 |   9.9 |      57 |      13 |  18.6
            +---------+---------+-------+---------+---------+-------
        D:1 |      34 |       0 |   0.0 |      19 |       0 |   0.0
        D:2 |      24 |      13 |  35.1 |      14 |       4 |  22.2
        D:3 |      69 |      17 |  19.8 |      16 |       9 |  36.0
        D:4 |     146 |       0 |   0.0 |       8 |       0 |   0.0
            +---------+---------+-------+---------+---------+-------
